 Dungeon Crawl Stone Soup version 0.29.1-12-g30fa7ad0bf (webtiles) character file.

Game seed: 6281012634677215770

23 ChadusMaximus the Covered (level 2, -3/27 HPs)
             Began as a Minotaur Fighter on Dec 12, 2022.
             Slain by Sigmund
             ... wielding a +4 vorpal scythe
              (11 damage)
             ... on level 2 of the Dungeon.
             The game lasted 00:00:32 (1158 turns).

ChadusMaximus the Covered (Minotaur Fighter)        Turns: 1158, Time: 00:00:32

Health: -3/27      AC:  7    Str: 20    XL:     2   Next: 72%
Magic:  1/1        EV:  9    Int:  5    God:
Gold:   40         SH:  4    Dex:  9    Spells: 1/1 levels left

rFire   . . .      SeeInvis .   a - +0 war axe
rCold   . . .      Faith    .   c - +0 buckler
rNeg    . . .      Spirit   .   b - +0 scale mail
rPois   .          Reflect  .   (helmet restricted)
rElec   .          Harm     .   (no cloak)
rCorr   .          Rampage  .   (no gloves)
Will    .....                   (no boots)
Stlth   ..........              (no amulet)
HPRegen 0.09/turn               (no ring)
MPRegen 0.07/turn               (no ring)

@: no status effects
A: horns 2, retaliatory headbutt
a: no special abilities


You were on level 2 of the Dungeon.
You visited 1 branch of the dungeon, and saw 2 of its levels.

You collected 40 gold pieces.

Inventory:

Hand Weapons
 a - a +0 war axe (weapon)
Missiles
 g - a throwing net (quivered)
Armour
 b - a +0 scale mail (worn)
 c - a +0 buckler (worn)
Scrolls
 f - 3 scrolls of teleportation {unknown}
 h - a scroll of magic mapping {unknown}
 i - a scroll of summoning {unknown}
 j - 2 scrolls of identify {unknown}
Potions
 d - a potion of might
 e - 2 potions of heal wounds {unknown}
 k - 2 potions of ambrosia {unknown}
 l - a potion of lignification {unknown}


   Skills:
 + Level 4.0 Fighting
 + Level 2.9 Axes
 + Level 4.0 Armour
 + Level 4.0 Shields


You had one spell level left.
You didn't know any spells.
Your spell library contained the following spells:

 Spells                   Type           Power      Damage    Failure   Level
 Fulminant Prism          Conj/Hex       0%         3d6       100%        4
 Iskenderun's Mystic Bla  Conj/Tloc      0%         2d3       100%        4
 Lee's Rapid Deconstruct  Erth           0%         3d5*      100%        5


Dungeon Overview and Level Annotations

Branches:
Dungeon (2/15)

Altars:

Annotations:
D:2 Sigmund


Innate Abilities, Weirdness & Mutations

You have a pair of horns on your head.
You reflexively headbutt those who attack you in melee.


Message History

The bat misses you. You furiously retaliate!
You headbutt the bat!
You kill the bat!
Your Shields skill increases to level 4!
j - 2 scrolls labelled ZIHEIQ BOOMNEY (gained 1)
A ball python comes into view.
The ball python hisses angrily.
A ball python is nearby!
Sigmund the Dreaded comes into view.
He is wielding a +4 vorpal scythe.
Sigmund shouts!
You hear a shout!
Sigmund casts a spell.
Sigmund flickers and vanishes!
Deactivating autopickup; reactivate with Ctrl-A.
A ball python is nearby!
You closely miss the ball python.
The ball python bites you but does no damage.
The ball python grabs you. The ball python constricts you.
The ball python bites you but does no damage.
The ball python constricts you.
A ball python is nearby!
You closely miss the ball python. You headbutt the ball python.
You kill the ball python!
Your Fighting skill increases to level 4!
A magic dart appears from out of thin air!
The magic dart hits you!
No target in view!
There is a strange disturbance nearby!
No target in view!
A magic dart appears from out of thin air!
The magic dart hits you.
A goblin comes into view. It is wielding a +0 club.
The goblin shouts!
You block something's attack.
You closely miss something. Something hits you.
* * * LOW HITPOINT WARNING * * *
x2 You closely miss something.
Your headbutt misses something. Something hits you but does no damage.
You miss something. Your headbutt misses something.
You block something's attack.
You barely miss something. Something hits you!
You die...

#..# #..# ... #..#
#.# #.. #.# #..
.#.# #.# .#.# ###
#g# .#.####.## #.#
.........#######@#
......#..........#
.#.#.#.#.#########
.#.#.##.##
...#.#### ...#.#
..##.# .###.# .#
.#


You could see a goblin.

Vanquished Creatures
  2 endoplasms
  2 giant cockroaches (D:1)
  2 goblins (D:1)
  3 hobgoblins (D:1)
  A kobold (D:1)
  2 quokkas (D:1)
  A ball python (D:2)
  3 bats
  4 rats (D:1)
20 creatures vanquished.

Notes
Turn   | Place    | Note
-------+----------+-------------------------------------------
     0 | D:1      | ChadusMaximus the Minotaur Fighter began the quest for the
                  | Orb.
     0 | D:1      | Reached XP level 1. HP: 19/19 MP: 0/0
   136 | D:1      | Reached XP level 2. HP: 27/27 MP: 1/1
   181 | D:1      | Found a faded altar of an unknown god.
  1144 | D:2      | Noticed Sigmund
  1158 | D:2      | Slain by Sigmund

Illustrated notes

Levels and vault maps discovered:
D:1:      roderic_chinese_lattice_arrival, layout_basic,
          dreamdust_ecumenical_altar_statues, chequers_serial_rivers_micro_b
D:2:      minmay_recursive_quarters, layout_loops_ring, basic_altar,
          uniq_crazy_yiuf_cottage, uniq_sigmund, uniq_jessica

Skill      XL: |  1  2 |
---------------+-------+-----
Armour         | 4 |  4.0
Shields        | 4 |  4.0
Fighting       | 4 |  4.0
Axes           | |  2.9

Action                   || total
-------------------------++-------
Melee: War axe           ||    47
       Headbutt          ||     8
Armor: Scale mail        ||    11
Dodge: Dodged            ||    22
Block: Buckler           ||     9
